 Dungeon Crawl Stone Soup version 0.25.1-8-g42b30a86e7 (webtiles) character file.

Game seed: 17678444160686199153

175 Azimut41r the Bolt Thrower (level 5, -1/32 HPs)
             Began as a Kobold Hunter on Dec 19, 2020.
             Slain by a goblin (3 damage)
             ... on level 3 of the Dungeon.
             The game lasted 00:19:43 (2649 turns).

Azimut41r the Bolt Thrower (Kobold Hunter)          Turns: 2649, Time: 00:19:44

Health: -1/32      AC:  3    Str: 10    XL:     5   Next: 86%
Magic:  5/5        EV: 15    Int: 12    God:
Gold:   114        SH:  0    Dex: 16    Spells: 4/4 levels left

rFire    . . .     SeeInvis .   b - +0 short sword
rCold    . . .     Gourm    .   (shield restricted)
rNeg     . . .     Faith    .   c - +0 leather armour
rPois    .         Spirit   .   (no helmet)
rElec    .         Reflect  .   (no cloak)
rCorr    .         Harm     .   (no gloves)
MR       .....                  (no boots)
Stlth    ++........             (no amulet)
HPRegen  0.10/turn              (no ring)
MPRegen  0.09/turn              (no ring)

@: no status effects
A: small, carnivore
a: no special abilities


You were on level 3 of the Dungeon.
You were very full.

You visited 1 branch of the dungeon, and saw 3 of its levels.

You collected 114 gold pieces.

Inventory:

Hand Weapons
 a - a +1 hand crossbow
 b - a +0 short sword (weapon)
Missiles
 l - 4 poisoned darts (quivered)
 n - 11 bolts
Armour
 c - a +0 leather armour (worn)
Scrolls
 d - a scroll of identify {unknown}
 g - a scroll of teleportation {unknown}
 h - a scroll of magic mapping {unknown}
 j - a scroll of immolation {unknown}
 k - 2 scrolls of remove curse {unknown}
 o - a scroll of enchant weapon {unknown}
 p - a scroll of enchant armour {unknown}
Potions
 e - a potion of might {unknown}
 i - a potion of curing {unknown}
 m - 2 potions of haste {unknown}
Comestibles
 f - 4 rations
 q - 2 chunks of flesh


   Skills:
 + Level 2.8 Fighting
 + Level 6.6 Crossbows
 + Level 2.7 Throwing
 + Level 0.9 Armour
 + Level 2.6 Dodging
 + Level 1.4 Stealth


You had 4 spell levels left.
You didn't know any spells.
Your spell library was empty.

Dungeon Overview and Level Annotations

Branches:
Dungeon (3/15)

Altars:


Innate Abilities, Weirdness & Mutations

You are small and have problems with some larger weapons.
You are carnivorous and can eat meat at any time.


Message History

The goblin hits you.
* * * LOW HITPOINT WARNING * * *
The goblin closely misses you. The goblin closely misses you.
The goblin misses you. The goblin hits you.
* * * LOW HITPOINT WARNING * * *
The goblin closely misses you. The goblin misses you.
The goblin barely misses you. The goblin hits you.
* * * LOW HITPOINT WARNING * * *
The goblin barely misses you. The goblin hits you but does no damage.
The goblin misses you. The goblin hits you but does no damage.
The goblin misses you. The goblin closely misses you. The goblin hits you.
You die...

## ##.. ##.#.
#.#..# #....
#.g### ##@.#
#..### ###..#
#..### ###..#
#.# #..####.#
###..##.#
#..###.#########
###..#.#........


You could see a goblin.

Vanquished Creatures
  A bullfrog (D:3)
  5 adders (D:2)
  An ooze (D:3)
  3 dart slugs
  A leopard gecko (D:2)
  An orc (D:2)
  A ball python (D:3)
  4 giant cockroaches
  4 goblins
  8 hobgoblins
  2 jackals (D:2)
  8 bats
  3 frilled lizards
  6 kobolds
  6 rats
54 creatures vanquished.

Notes
Turn   | Place    | Note
-------+----------+-------------------------------------------
     0 | D:1      | Azimut41r the Kobold Hunter began the quest for the Orb.
     0 | D:1      | Reached XP level 1. HP: 12/12 MP: 1/1
   127 | D:1      | Reached skill level 5 in Crossbows
   182 | D:1      | Reached XP level 2. HP: 18/18 MP: 2/2
   666 | D:1      | Reached XP level 3. HP: 22/22 MP: 3/3
  1248 | D:2      | Reached skill level 6 in Crossbows
  1253 | D:2      | Reached XP level 4. HP: 19/27 MP: 4/4
  1522 | D:2      | Reached skill level 1 in Throwing
  1636 | D:2      | Noticed a hippogriff
  1951 | D:3      | Noticed a bullfrog
  1981 | D:2      | Reached XP level 5. HP: 12/31 MP: 5/5
  2184 | D:3      | Killed a bullfrog
  2642 | D:3      | HP: 1/32 [goblin (2)]
  2649 | D:3      | Slain by a goblin

Illustrated notes

Levels and vault maps discovered:
D:1:      wander_arrival_lonely_grave, layout_loops_corners, serial_park_tiny_1
D:2:      layout_rooms, first_ration, lightli_corner_chamber
D:3:      minmay_razor_zed, layout_basic, overflow_temple_1_default,
          marbit_many_paths

Skill      XL: |  1  2  3  4 |
---------------+-------------+-----
Crossbows      | 5 6 |  6.6
Throwing       | 2 |  2.7
Fighting       | |  2.8
Armour         | |  0.9
Dodging        | |  2.6
Stealth        | |  1.4

Action                   |  1- 3 |  4- 6 || total
-------------------------+-------+-------++-------
Melee: Short sword       |       |     3 ||     3
       Hand crossbow     |       |     1 ||     1
 Fire: Hand crossbow     |    67 |    31 ||    98
Throw: Dart              |    19 |    33 ||    52
 Stab: Sleeping          |       |     1 ||     1
  Eat: Chunk             |     9 |     4 ||    13
Armor: Leather armour    |    15 |    17 ||    32
Dodge: Dodged            |    51 |    88 ||   139
